 Dungeon Crawl Stone Soup version 0.31-a0-844-gdc52ec4e09 (webtiles) character file.

Game seed: 13437282384741112471

287 CrazyBamboolord the Grave Robber (level 6, -3/30 HPs)
             Began as a Vine Stalker Necromancer on Sept 30, 2023.
             Succumbed to a gnoll sergeant's poison
             ... on level 4 of the Dungeon.
             The game lasted 00:05:29 (3541 turns).

CrazyBamboolord the Grave Robber (VSNe)             Turns: 3541, Time: 00:05:30

Health: -3/30      AC:  3    Str: 10    XL:     6   Next: 30%
Magic:  12/12      EV: 12    Int: 17    God:
Gold:   184        SH:  0    Dex: 15    Spells: 8/12 levels left

rFire   . . .        m - +3 dagger
rCold   . . .        (no shield)
rNeg    . . .        a - +0 robe
rPois   .            (no helmet)
rElec   .            (no cloak)
rCorr   .            f - +0 pair of gloves
SInv    .            (no boots)
Will    .....        (no amulet)
Stlth   +++          (no ring)
HPRegen 1.05/turn    (no ring)
MPRegen 0.13/turn

%: guardian spirit
@: lethally poisoned (-3 -> -16)
A: fangs 2, regeneration 1, magic shield, antimagic bite, no potion heal 2
a: no special abilities


You were on level 4 of the Dungeon.
You visited 1 branch of the dungeon, and saw 4 of its levels.

You collected 184 gold pieces.

Inventory:

Hand Weapons
 m - a +3 dagger (weapon)
Armour
 a - a +0 robe (worn)
 f - a +0 pair of gloves (worn)
Jewellery
 t - an amulet of faith
 u - a ring of see invisible
Scrolls
 c - a scroll of noise
 d - 2 scrolls of teleportation
 h - a scroll of brand weapon {unknown}
 i - a scroll of enchant armour {unknown}
 j - a scroll of poison {unknown}
 l - a scroll of amnesia {unknown}
 n - a scroll of fear {unknown}
 p - a scroll of identify {unknown}
 q - a scroll of fog {unknown}
 r - a scroll of immolation
Potions
 e - a potion of haste {unknown}
 g - 2 potions of lignification {unknown}
 k - a potion of attraction {unknown}
 o - a potion of heal wounds {unknown}
 s - a potion of mutation {unknown}
 v - a potion of resistance {unknown}
 w - a potion of degeneration {unknown}


   Skills:
 + Level 1.8 Fighting
 + Level 2.3 Dodging
 * Level 4.6 Stealth
 * Level 3.6 Spellcasting
 * Level 5.0 Necromancy


You had 8 spell levels left.
You knew the following spells:

 Your Spells              Type           Power      Damage    Failure   Level
a - Necrotise             Necr           80%        1d8       1%          1
b - Vampiric Draining     Necr           20%        2d7       6%          3

Your spell library contained the following spells:

 Spells                   Type           Power      Damage    Failure   Level
 Apportation              Tloc           6%         N/A       17%         1
 Magic Dart               Conj           12%        1d3       17%         1
 Summon Small Mammal      Summ           12%        N/A       17%         1
 Animate Dead             Necr           20%        N/A       21%         4
 Call Imp                 Summ           6%         N/A       26%         2
 Jinxbite                 Hex            6%         N/A       26%         2
 Call Canine Familiar     Summ           3%         N/A       45%         3
 Dazzling Flash           Conj/Hex       6%         N/A       45%         3
 Mephitic Cloud           Conj/Pois/Air  3%         N/A       45%         3
 Summon Guardian Golem    Hex/Summ       3%         N/A       45%         3
 Volatile Blastmotes      Fire/Tloc      6%         2d10      45%         3
 Agony                    Necr           20%        N/A       50%         5
 Alistair's Intoxication  Tmut/Pois      2%         N/A       99%         5
 Starburst                Conj/Fire      1%         6d3       100%        6
 Maxwell's Capacitive Co  Air            1%         ∞         100%        8


Dungeon Overview and Level Annotations

Branches:
Dungeon (4/15)
 Temple: D:4-7

Altars:

Annotations:
D:4 1 runed translucent door, Crazy Yiuf


Innate Abilities, Weirdness & Mutations

You have extremely sharp teeth.
Your natural rate of healing is unusually fast.
When hurt, damage is shared between your health and your magic reserves.
Your bite disrupts and absorbs the magic of your enemies.
Potions cannot restore your health.


Message History

The gnoll shouts!
A gnoll comes into view. It is wielding a +0 halberd.
The gnoll writhes in agony!
The gnoll shouts!
You hear an angry hiss.
You miscast Necrotise.
You are very lightly contaminated with residual magic.
Nothing appears to happen.
A gnoll sergeant comes into view. It is wielding a +5 trident of venom.
The gnoll writhes in agony!
You kill the gnoll!
The dead are walking!
Your Necromancy skill increases to level 5!
The gnoll writhes in agony.
The gnoll writhes in agony.
An adder comes into view.
The gnoll barely misses you.
The gnoll writhes in agony.
The gnoll barely misses you.
The gnoll writhes in agony.
The gnoll misses you.
Unknown command.
The gnoll writhes in agony.
You kill the gnoll!
The dead are walking!
The gnoll sergeant hits you from afar with a +5 trident of venom.
You are poisoned.
Your magical contamination has completely faded away.
The gnoll sergeant writhes in agony.
You feel very sick.
The gnoll sergeant hits you from afar with a +5 trident of venom!
You are lethally poisoned!
You are too injured to fight recklessly!
Unknown command.
You swap places.
* * * LOW HITPOINT WARNING * * *
You feel extremely sick.
The gnoll sergeant hits your gnoll skeleton with a +5 trident of venom!
* * * LOW HITPOINT WARNING * * *
You feel very sick.
Unknown command.
Magic courses through your body.
You die...

#.##S#######.#
.....g)Z>....#
#.##$###Z###.#
.... #@# ....
#.# +......+
#.# ......#
#.# #......#
#.# #......#
#.# .......#
#.# ###....#
#.# # #....#
####.#####


You could see 2 friendly gnoll skeletons.

Vanquished Creatures
  A centaur (D:4)
  An orc priest (D:4)
  A jelly (D:4)
  2 gnolls (D:4)
  3 adders
  A worm (D:2)
  2 dart slugs (D:1)
  2 orcs (D:4)
  9 bats
  An endoplasm (D:1)
  2 giant cockroaches
  3 goblins
  7 hobgoblins
  10 jackals
  5 quokkas
  3 ball pythons
  6 frilled lizards
  6 kobolds
  26 rats
91 creatures vanquished.

Vanquished Creatures (collateral kills)
  An orc (D:4)
  A goblin (D:1)
  2 quokkas
  A rat (D:3)
5 creatures vanquished.

Grand Total: 96 creatures vanquished

Notes
Turn   | Place    | Note
-------+----------+-------------------------------------------
     0 | D:1      | CrazyBamboolord the Vine Stalker Necromancer began the
                  | quest for the Orb.
     0 | D:1      | Reached XP level 1. HP: 9/9 MP: 4/4
   188 | D:1      | Reached XP level 2. HP: 13/13 MP: 3/6
   667 | D:1      | Reached XP level 3. HP: 17/17 MP: 5/7
  1115 | D:2      | Reached skill level 1 in Fighting
  1339 | D:2      | Learned a level 3 spell: Vampiric Draining
  1644 | D:2      | Reached XP level 4. HP: 22/22 MP: 7/9
  2755 | D:4      | Noticed a centaur
  2761 | D:4      | Killed a centaur
  2762 | D:4      | Reached XP level 5. HP: 19/25 MP: 1/10
  3164 | D:4      | Found a runed translucent door.
  3164 | D:4      | Noticed Crazy Yiuf
  3278 | D:4      | Reached XP level 6. HP: 30/30 MP: 8/12
  3533 | D:4      | Reached skill level 5 in Necromancy
  3540 | D:4      | HP: 1/30 [poisoned by a gnoll sergeant]
  3541 | D:4      | Succumbed to a gnoll sergeant's poison

Illustrated notes

Levels and vault maps discovered:
D:1:      lemuel_arrival_room, layout_basic
D:2:      layout_loops_ring
D:3:      layout_basic, st_stairs_13, minmay_rat_hole
D:4:      layout_basic, minmay_misc_feat_cross, minmay_checkerbox,
          uniq_crazy_yiuf_cottage

Skill      XL: |  1  2  3  4  5  6 |
---------------+-------------------+-----
Stealth        | 3 4 |  4.6
Fighting       | 1 |  1.8
Dodging        | 2 |  2.3
Spellcasting   | 3 |  3.6
Necromancy     | 5 |  5.0

Action                     |  1- 3 |  4- 6 || total
---------------------------+-------+-------++-------
  Melee: Unarmed           |     6 |       ||     6
         Punch             |     1 |       ||     1
         Short sword       |     7 |       ||     7
         Dagger            |     1 |    32 ||    33
         Bite              |     1 |     8 ||     9
   Cast: Necrotise         |    84 |    87 ||   171
         Vampiric Draining |       |     1 ||     1
    Use: Scroll            |       |     3 ||     3
         Potion            |       |     1 ||     1
   Stab: Sleeping          |     1 |     1 ||     2
         Distracted        |       |     1 ||     1
 Armour: Robe              |    17 |    52 ||    69
  Dodge: Dodged            |    14 |    69 ||    83

Table legend: (Time is in decaauts)
 A = Elapsed time spent in this place.
 B = Non-inter-level travel time spent in this place.
 C = Inter-level travel time spent in this place.
 D = Time resting spent in this place.
 E = Time spent auto-exploring this place.
 F = Levels seen in this place.
 G = Mean time per level.
                   A        B        C        D        E       F      G
               +--------+--------+--------+--------+--------+-----+--------+
         Total |   3539 |   3498 |     41 |     55 |   2930 |   4 |  884.8 |
       Dungeon |   3539 |   3498 |     41 |     55 |   2930 |   4 |  884.8 |
               +--------+--------+--------+--------+--------+-----+--------+

Top non-repeatable levels by time:
     D:1: 1006 daAuts
     D:2: 881 daAuts
     D:3: 862 daAuts
     D:4: 788 daAuts
